 Dungeon Crawl Stone Soup version 0.20.0 (webtiles) character file.

10929 BarneyGumball the Ripper (level 11, -2/67 HPs)
             Began as a Felid Monk on June 10, 2017.
             Was a High Priest of Ashenzari.
             Slain by a naga
             ... wielding a +0 flail
              (3 damage)
             ... on level 4 of the Lair of Beasts on June 11, 2017.
             The game lasted 01:33:47 (22273 turns).

BarneyGumball the Ripper (Felid Monk)              Turns: 22273, Time: 01:33:48

Health: -2/67      AC:  3    Str: 15    XL:     11   Next: 42%
Magic:  16/18      EV: 24    Int: 10    God:    Ashenzari [*****.]
Gold:   948        SH:  6    Dex: 18    Spells: 1/13 levels left
                                        Lives:  0   Deaths: 3

rFire    . . .     SeeInvis +     - Unarmed
rCold    + + .     Gourm    .   (shield unavailable)
rNeg     . . .     Faith    .   (armour unavailable)
rPois    .         Spirit   .   (helmet unavailable)
rElec    .         Reflect  +   (cloak unavailable)
rCorr    .         Harm     .   (gloves unavailable)
MR       +....     Clarity  +   (boots unavailable)
Stlth    ..........             h - +6 amulet of reflection (curse)
Regen    0.3/turn               i - ring of stealth (curse)
MPRegen  0.2/turn               r - ring of protection from cold (curse)

@: berserking, lethally poisoned (-2 -> -4), singing (expiring), constricted,
very quick
A: no armour, no weapons or thrown items, stealth, claws 1, fangs 3, see
invisible, carnivore 3, dopey 2, speed 1, mutation resistance 1, shaggy fur 3,
slow metabolism 1, sharp paws
a: Curse Item, Scrying, Transfer Knowledge, Renounce Religion


You were on level 4 of the Lair of Beasts.
You worshipped Ashenzari.
Ashenzari was extremely pleased with you.
You were completely stuffed.

You visited 2 branches of the dungeon, and saw 15 of its levels.
You also visited: Bailey.

You collected 948 gold pieces.

Inventory:

Jewellery
 h - a cursed +6 amulet of reflection (around neck)
 i - a cursed ring of stealth (left paw)
 k - an uncursed ring of positive energy
 n - an uncursed ring of flight
 r - a cursed ring of protection from cold (right paw)
 s - an uncursed amulet of rage
Wands
 f - a wand of acid (13/15)
 j - a wand of flame (33/48)
 A - a wand of lightning (8/15)
 B - a wand of polymorph (11/24)
 D - a wand of random effects (4/48)
 E - a wand of confusion (26/48)
 F - a wand of iceblast (2/15)
Scrolls
 b - 2 scrolls of remove curse
 l - a scroll of fog
 p - a scroll of magic mapping {unknown}
 q - a scroll of immolation
 t - 2 scrolls of enchant weapon
 u - 3 scrolls of teleportation
 y - a scroll of silence
 z - a scroll of recharging
Potions
 c - a potion of brilliance
 e - 2 potions of haste
 m - a potion of magic
 v - a potion of invisibility
 x - a potion of agility
 C - a potion of curing
Books
 g - a book of Air

   Spells                             Type                      Level
   a - Shock                          Conjuration/Air              1
   b - Swiftness                      Charms/Air                   2
   c - Static Discharge               Conjuration/Air              3
   d - Airstrike                      Air                          4
   e - Lightning Bolt                 Conjuration/Air              5
Comestibles
 a - 6 meat rations
 o - a chunk of flesh
 w - 15 royal jellies


   Skills:
 + Level 3.5 Fighting
 - Level 10.7 Dodging
 - Level 8.8 Stealth
 * Level 15.3 Unarmed Combat
 - Level 1.6 Spellcasting
 - Level 3.0(6.4) Conjurations
 - Level 3.8(7.5) Hexes
 - Level 3.1(6.5) Charms
 - Level 1.7(4.5) Translocations
 - Level 5.9(9.9) Air Magic
 - Level 3.0(6.4) Poison Magic
 - Level 8.5(12.4) Evocations


You had one spell level left.
You knew the following spells:

 Your Spells              Type           Power        Failure   Level  Hunger
a - Confusing Touch       Hex            ###...       1%          1    ##.....
b - Song of Slaying       Chrm           ##......     3%          2    ###....
c - Mephitic Cloud        Conj/Pois/Air  ###.....     4%          3    ####...
d - Shroud of Golubria    Chrm/Tloc      ##........   4%          2    ###....
e - Airstrike             Air            ###.......   5%          4    #####..


Dungeon Overview and Level Annotations

Branches:
Dungeon (11/15)            Temple (0/1) D:6            Lair (4/6) D:11
 Shoals (0/4) Lair:3        Snake (0/4) Lair:4
    Orc: D:9-12

Altars:
Ashenzari
Dithmenos
Elyvilon
Fedhas
Gozag
Makhleb
Nemelex Xobeh
Ru
Trog
Zin

Shops:
D:5 }   D:8 ((   D:11 (

Portals:
Trove: D:11 (give horn of Geryon)

Annotations:
D:3 exclusions: adder, 3 goblins, orc and rat
D:5 Dowan, Duvessa
D:6 1 runed door
Lair:2 exclusion: electric eel
Lair:3 exclusion: 4 oklob plants


Innate Abilities, Weirdness & Mutations

You cannot wear armour.
You are incapable of wielding weapons or throwing items.
Your paws allow you to move quietly. (Stealth)
You have sharp claws.
You have razor-sharp teeth.
You have supernaturally acute eyesight. (SInv)
You are carnivorous and can eat meat at any time.
You cover ground quickly.
Your thick and shaggy fur keeps you warm. (AC +3, rC+)
You have a slow metabolism.
Your sharp claws are effective at attacking unaware monsters.
You are very dopey. (Int -4)
You are somewhat resistant to further mutation.


Message History

* * * LOW HITPOINT WARNING * * *
The naga constricts you. The naga misses you.
You are too berserk!
You scratch the naga but do no damage.
The naga appears confused.
Your bite misses the naga.
The naga is severely wounded.
You catch the helpless naga completely off-guard!
You eviscerate the naga!!!
You kill the naga!
The naga closely misses you.
* * * LOW HITPOINT WARNING * * *
The naga constricts you.
You closely miss the naga. You claw the naga!
The naga is severely wounded.
You barely miss the naga.
The naga is severely wounded.
* * * LOW HITPOINT WARNING * * *
You feel sick. You block the naga's attack.
You die...

.......# ....... * ## **
.......# #.##....*##.(.,,
.......###.#.P..##.....
*** ........#..#....#N..#,
, ............#.......#,>
* ,,* ...........#....# ,,
,,,* ,* *
.........P......##, ,,, *,
*
......###......NN###,,,,,
* ,*
...###.##......)@).#######
,
########.#..(....)........
##.#.#####...............*
##.#...## #.............##
#.......###.##......#####
.........#P.##....###
.............######
.............#
.....>.....#.#


You could see 2 nagas.

Vanquished Creatures
  A centaur warrior (D:10)
  2 two-headed ogres
  2 centaur zombies (D:8)
  6 elephants
  A torpor snail (Lair:3)
  3 black mambas
  5 spiny frogs
  5 komodo dragons
  2 rime drakes
  A kobold demonologist (D:11)
  A hellwing (D:8)
  A troll (D:10)
  A queen bee (Lair:3)
  A snapping turtle (Lair:3)
  3 dream sheep (Lair:3)
  6 hippogriffs
  A centaur simulacrum (D:10)
  A vampire (D:11)
  A hog (D:8)
  A hungry ghost (D:8)
  6 basilisks
  Grum (D:11)
  18 yaks
  6 nagas (Lair:4)
  7 water moccasins
  An acid dragon (D:10)
  2 orc warriors
  7 porcupines
  A hornet zombie (D:8)
  4 ice beasts
  An eye of draining (D:9)
  5 sky beasts
  2 necrophages
  2 phantoms (D:6)
  6 ogres
  10 wolves
  8 centaurs
  6 crocodiles
  3 big kobolds
  16 bullfrogs
  2 scorpions (D:9)
  41 killer bees
  4 spriggan skeletons (D:9)
  A troll skeleton (D:9)
  3 howler monkeys
  3 crimson imps
  3 bullfrog skeletons
  10 centaur skeletons
  2 orc priests (D:11)
  6 hounds
  A jelly (D:6)
  2 orc wizards
  2 iguanas
  9 worker ants
  A hound skeleton (D:9)
  A worker ant zombie (D:7)
  5 adders
  7 shadow imps
  An ooze (D:2)
  An adder skeleton (D:5)
  3 worms
  3 dart slugs
  4 leopard geckos
  25 orcs
  8 bats
  8 giant cockroaches
  11 goblins
  9 hobgoblins
  12 jackals
  A quokka (D:9)
  2 ball pythons
  4 frilled lizards
  A jackal zombie (D:5)
  16 kobolds
  A quokka skeleton (D:4)
  12 rats
  2 fungi (Lair:3)
384 creatures vanquished.

Vanquished Creatures (collateral kills)
  A killer bee (Lair:3)
1 creature vanquished.

Vanquished Creatures (others)
  A kobold (D:9)
  9 fungi
  3 plants
13 creatures vanquished.

Grand Total: 398 creatures vanquished

Notes
Turn   | Place    | Note
-------+----------+-------------------------------------------
     0 | D:1      | BarneyGumball the Felid Monk began the quest for the Orb.
     0 | D:1      | Reached XP level 1. HP: 10/10 MP: 2/2
   234 | D:1      | Reached XP level 2. HP: 5/14 MP: 3/3
  1182 | D:1      | Reached skill level 4 in Unarmed Combat
  1182 | D:1      | Reached XP level 3. HP: 17/17 MP: 4/4
  2348 | D:2      | Found a shattered altar of Ashenzari.
  2481 | D:2      | Became a worshipper of Ashenzari the Shackled
  2481 | D:2      | Reached * piety under Ashenzari
  2481 | D:2      | Reached ** piety under Ashenzari
  2900 | D:2      | Reached XP level 4. HP: 8/21 MP: 5/5
  3808 | D:3      | Reached skill level 5 in Unarmed Combat
  4002 | D:3      | Found a shadowy altar of Dithmenos.
  4307 | D:4      | Reached XP level 5. HP: 16/24 MP: 6/6
  4517 | D:4      | Found a shattered altar of Ashenzari.
  4609 | D:4      | Found a white marble altar of Elyvilon.
  4619 | D:4      | Found an opulent altar of Gozag.
  4626 | D:4      | Reached skill level 5 in Stealth
  4648 | D:4      | Found a sacrificial altar of Ru.
  4723 | D:4      | Noticed a black bear
  4748 | D:4      | Reached *** piety under Ashenzari
  5194 | D:4      | Found a sparkling altar of Nemelex Xobeh.
  5874 | D:4      | Reached skill level 6 in Unarmed Combat
  5874 | D:4      | Gained mutation: You are covered in thick fur. (AC +2) [Felid growth]
  5874 | D:4      | Reached XP level 6. HP: 17/28 MP: 7/7
  6102 | D:5      | Entered Level 5 of the Dungeon
  6224 | D:5      | Noticed an ice beast
  6303 | D:5      | Gained mutation: Your mind is acute. (Int +2) [potion of mutation]
  6303 | D:5      | Gained mutation: Your magical capacity is low. (-10% MP) [potion of mutation]
  6303 | D:5      | Gained mutation: You have a pair of small antennae on your head. [potion of mutation]
  6304 | D:5      | Lost mutation: Your mind is acute. (Int +2) [potion of mutation]
  6304 | D:5      | Lost mutation: You have a pair of small antennae on your head. [potion of mutation]
  6304 | D:5      | Lost mutation: Your magical capacity is low. (-10% MP) [potion of mutation]
  6304 | D:5      | Gained mutation: You are dopey. (Int -2) [potion of mutation]
  6304 | D:5      | Gained mutation: You are very dopey. (Int -4) [potion of mutation]
  6304 | D:5      | Gained mutation: You are somewhat resistant to further mutation. [potion of mutation]
  6305 | D:5      | Found Bearchoso's Gadget Boutique.
  6420 | D:5      | Noticed Duvessa
  6423 | D:5      | Noticed Dowan
  6932 | D:5      | Noticed a sky beast
  6962 | D:6      | Reached XP level 7. HP: 31/31 MP: 8/8
  6988 | D:6      | Reached skill level 7 in Unarmed Combat
  7656 | D:6      | Found a blossoming altar of Fedhas.
  7822 | D:6      | Reached skill level 8 in Unarmed Combat
  8017 | D:6      | Found a runed door.
  8071 | D:6      | Reached XP level 8. HP: 34/34 MP: 9/9
  8189 | D:6      | Found a staircase to the Ecumenical Temple.
  8600 | D:7      | Reached skill level 9 in Unarmed Combat
  8771 | D:7      | Found a flagged portal.
  8779 | Bailey   | Entered a bailey
  9200 | D:7      | Found a bloodstained altar of Trog.
  9648 | D:8      | Found Roemitu's Antique Weapon Shoppe.
  9778 | D:8      | Reached skill level 10 in Unarmed Combat
  9958 | D:8      | Reached XP level 9. HP: 30/37 MP: 10/10
 10091 | D:8      | Noticed a two-headed ogre
 10096 | D:8      | Killed a two-headed ogre
 10096 | D:8      | Reached skill level 11 in Unarmed Combat
 10139 | D:8      | Found Mitut's Weapon Shoppe.
 10304 | D:8      | Reached **** piety under Ashenzari
 10501 | D:8      | Reached skill level 1 in Evocations
 10585 | D:8      | Reached skill level 5 in Dodging
 10687 | D:8      | Noticed a hellwing
 10763 | D:8      | Reached XP level 10. HP: 29/42 MP: 14/14
 10863 | D:8      | Found a blossoming altar of Fedhas.
 10955 | D:8      | Reached skill level 5 in Evocations
 10961 | D:8      | Slain by a hellwing
 10962 | D:8      | Reached XP level 9. HP: -2/55 MP: 13/13
 11188 | D:9      | Found a burning altar of Makhleb.
 11351 | D:9      | Noticed a two-headed ogre
 11358 | D:9      | Killed a two-headed ogre
 11608 | D:9      | Reached XP level 10. HP: 39/42 MP: 16/16
 11818 | D:9      | Reached skill level 10 in Dodging
 11919 | D:9      | Found a glowing silver altar of Zin.
 12358 | D:10     | Entered Level 10 of the Dungeon
 12564 | D:10     | Noticed a centaur warrior
 12589 | D:10     | Killed a centaur warrior
 12590 | D:10     | HP: 2/42 [hound (6)]
 12925 | D:10     | Learned a level 1 spell: Confusing Touch
 12962 | D:10     | Reached skill level 12 in Unarmed Combat
 13274 | D:10     | Reached skill level 1 in Hexes
 13620 | D:10     | Reached skill level 1 in Spellcasting
 14202 | D:10     | Learned a level 2 spell: Song of Slaying
 14378 | D:11     | Noticed Grum
 14728 | D:11     | Found a staircase to the Lair.
 14728 | D:11     | Noticed an elephant
 14771 | D:11     | Found Jafuet's Weapon Boutique.
 15045 | D:11     | Found a portal to a secret trove of treasure.
 15079 | D:11     | Reached XP level 11. HP: 45/45 MP: 18/18
 15199 | D:11     | Learned a level 3 spell: Mephitic Cloud
 15259 | D:11     | Killed Grum
 15470 | D:11     | Reached skill level 1 in Air Magic
 15504 | D:11     | Reached skill level 1 in Poison Magic
 15674 | D:11     | Reached skill level 1 in Conjurations
 16354 | Lair:1   | Entered Level 1 of the Lair of Beasts
 17126 | Lair:1   | Reached skill level 13 in Unarmed Combat
 17659 | Lair:2   | Reached ***** piety under Ashenzari
 17680 | Lair:2   | Reached skill level 1 in Charms
 18020 | Lair:2   | Learned a level 2 spell: Shroud of Golubria
 18041 | Lair:2   | Noticed a death yak
 18042 | Lair:2   | Noticed a death yak
 18123 | Lair:2   | Learned a level 4 spell: Airstrike
 18139 | Lair:2   | Noticed a death yak
 19000 | Lair:2   | Reached skill level 1 in Translocations
 19000 | Lair:2   | Gained mutation: Your thick and shaggy fur keeps you warm. (AC +3, rC+) [Felid growth]
 19000 | Lair:2   | Reached XP level 12. HP: 31/48 MP: 19/19
 19459 | Lair:3   | Annihilated by a komodo dragon
 19460 | Lair:3   | Reached XP level 11. HP: -27/45 MP: 18/18
 19849 | Lair:3   | Reached skill level 14 in Unarmed Combat
 20485 | Lair:3   | Found a staircase to the Shoals.
 20568 | Lair:3   | Reached skill level 5 in Air Magic
 21076 | Lair:2   | HP: 2/45 [poisoned by a killer bee]
 21081 | Lair:3   | Succumbed to a killer bee's poison
 21082 | Lair:3   | Reached XP level 10. HP: 0/42 MP: 17/17
 21501 | Lair:3   | Reached XP level 11. HP: 45/45 MP: 14/18
 21520 | Lair:3   | Reached skill level 15 in Unarmed Combat
 21730 | Lair:3   | Noticed an oklob plant
 21730 | Lair:3   | Noticed an oklob plant
 21736 | Lair:3   | Noticed an oklob plant
 21736 | Lair:3   | Noticed an oklob plant
 22270 | Lair:4   | HP: 2/67 [naga/flail (3)]
 22273 | Lair:4   | Slain by a naga

Skill      XL: |  1  2  3  4  5  6  7  8  9 10 11 12 |
---------------+-------------------------------------+-----
Stealth        | 3 4 5 6 7 8 |  8.8
Unarmed Combat | 4 5 6 8 10 11 12 15 | 15.3
Evocations     | 7 8 |  8.5
Dodging        | 9 10 | 10.7
Hexes          | 3 |  3.8
Spellcasting   | 1 |  1.6
Air Magic      | 5 4 |  5.9
Poison Magic   | 3 |  3.0
Conjurations   | 3 |  3.0
Charms         | 3 |  3.1
Translocations | 1 |  1.7
Fighting       | |  3.5

Action                   |  1- 3 |  4- 6 |  7- 9 | 10-12 || total
-------------------------+-------+-------+-------+-------++-------
Melee: Unarmed           |   149 |   137 |   296 |  1013 ||  1595
       Bite              |    17 |    18 |    33 |   119 ||   187
       Punch             |     2 |     6 |    13 |    77 ||    98
 Cast: Confusing Touch   |       |       |       |    58 ||    58
       Mephitic Cloud    |       |       |       |    11 ||    11
       Airstrike         |       |       |       |     3 ||     3
       Shroud of Golubri |       |       |       |     2 ||     2
       Song of Slaying   |       |       |       |     2 ||     2
Invok: Curse Item        |       |     1 |       |     2 ||     3
       Scrying           |       |       |       |     2 ||     2
Evoke: Wand              |       |       |       |     3 ||     3
  Use: Potion            |       |     3 |     2 |     8 ||    13
       Scroll            |       |     1 |     7 |    14 ||    22
 Stab: Sleeping          |    12 |    16 |    14 |    25 ||    67
       Distracted        |       |     2 |     3 |     5 ||    10
       Confused          |       |       |       |    39 ||    39
  Eat: Chunk             |    11 |     5 |    27 |    42 ||    85
Armor: Skin              |     6 |     3 |    11 |    19 ||    39
Dodge: Dodged            |   107 |    60 |   125 |   712 ||  1004
Block: Other             |       |    31 |    57 |   209 ||   297
       Reflection        |       |       |       |     4 ||     4
